 Dungeon Crawl Stone Soup version 0.30-a0-918-g0ff054e9dc (webtiles) character file.

Game seed: 11501757647949518072

79 holysushi the Cutter (level 4, -1/23 HPs)
             Began as a Vine Stalker Monk on Mar 21, 2023.
             Was an Initiate of Gozag.
             Slain by an iguana (8 damage)
             ... on level 4 of the Dungeon.
             The game lasted 00:02:34 (1793 turns).

holysushi the Cutter (Vine Stalker Monk)            Turns: 1793, Time: 00:02:35

Health: -1/23      AC:  2    Str: 14    XL:     4   Next: 37%
Magic:  0/5        EV: 13    Int: 10    God:    Gozag
Gold:   173        SH:  0    Dex: 18    Spells: 3/3 levels left

rFire   . . .      SeeInvis .    a - +0 short sword
rCold   . . .      Faith    .    (no shield)
rNeg    . . .      Spirit   +    b - +0 robe
rPois   .          Reflect  .    (no helmet)
rElec   .          Rampage  .    (no cloak)
rCorr   .                        (no gloves)
Will    .....                    (no boots)
Stlth   ++                       (no amulet)
HPRegen 1.03/turn                (no ring)
MPRegen 0.09/turn                (no ring)

@: invisible
A: fangs 2, regeneration 1, magic shield, antimagic bite, no potion heal 2
a: Renounce Religion, Potion Petition, Call Merchant, Bribe Branch


You were on level 4 of the Dungeon.
You worshipped Gozag.
Gozag was aware of your devotion.
You visited 1 branch of the dungeon, and saw 4 of its levels.

You collected 173 gold pieces.

Inventory:

Hand Weapons
 a - a +0 short sword (weapon)
 m - the +4 whip of Aneujap {holy, +Blink rN+ Dex+3}
   (You found it on level 2 of the Dungeon)

   Dex:       It affects your dexterity (+3).
   rN:        It protects you from negative energy.
   +Blink:    It lets you blink.
Armour
 b - a +0 robe (worn)
Jewellery
 c - an amulet of faith
Scrolls
 d - 3 scrolls of identify
 i - a scroll of fear {unknown}
 j - a scroll of enchant weapon {unknown}
 k - a scroll of torment {unknown}
 l - 4 scrolls of poison {unknown}
 n - 2 scrolls of fog {unknown}
Potions
 e - 4 potions of curing
 f - a potion of lignification {unknown}
 h - a potion of haste {unknown}
 o - 2 potions of ambrosia
 q - 2 potions of resistance {unknown}


   Skills:
 - Level 2.6 Fighting
 + Level 4.6 Short Blades
 - Level 2.4 Dodging
 - Level 2.4 Stealth


You had 3 spell levels left.
You didn't know any spells.
Your spell library contained the following spells:

 Spells                   Type           Power      Damage    Failure   Level
 Sting                    Tmut/Pois      0%         1d3       36%         1
 Ensorcelled Hibernation  Hex/Ice        0%         N/A       50%         2
 Passwall                 Tmut/Erth      0%         N/A       50%         2
 Poisonous Vapours        Pois/Air       0%         N/A       50%         2
 Call Canine Familiar     Summ           0%         N/A       75%         3
 Portal Projectile        Hex/Tloc       0%         N/A       75%         3
 Swiftness                Air            0%         N/A       75%         3
 Leda's Liquefaction      Hex/Erth       0%         N/A       98%         4
 Olgreb's Toxic Radiance  Pois           0%         N/A       98%         4


Dungeon Overview and Level Annotations

Branches:
Dungeon (4/15) Zot: 22236
 Temple: D:4-7

Altars:
Gozag

Annotations:
D:4 Menkaure


Innate Abilities, Weirdness & Mutations

You have extremely sharp teeth.
Your natural rate of healing is unusually fast.
When hurt, damage is shared between your health and your magic reserves.
Your bite disrupts and absorbs the magic of your enemies.
Potions cannot restore your health.


Message History

You see here 9 gold pieces.
The orc wizard gestures at you while chanting.
The puff of flame hits you. The orc hits you with a +0 dagger.
You climb downwards.
You hear the hiss of flowing sand.
There is an entrance to an ossuary on this level.
Hurry and find it before the portal is buried!
There is a stone staircase leading up here.
You hit the orc. You bite the orc. You drain its power.
You feel invigorated.
The orc is heavily wounded.
The orc barely misses you.
You puncture the orc!
You kill the orc!
You now have 173 gold pieces (gained 5).
You see here a +0 dagger.
No target in view!
You start resting.
HP restored.
Found 6 gold pieces.
Menkaure and an iguana come into view.
The iguana hisses angrily.
You aren't carrying any items that you can evoke.
As you read the scroll labelled ECSALA LIOL, it crumbles to dust.
It is a scroll of identify.
e - 4 potions of curing A ball python comes into view.
You fade into invisibility!
The iguana closely misses you.
You barely miss the iguana.
The ball python hisses angrily.
You bite the iguana, but do no damage. The iguana bites you!
You hit the iguana but do no damage. The iguana bites you!
You aren't carrying any items that you can evoke.
Unknown command.
As you read the scroll labelled FYSOEQ CIFAOD, it crumbles to dust.
You hear a loud clanging noise!
It was a scroll of noise.
You hear a shout!
You hear an angry hiss.
Menkaure points at you and mumbles some strange words.
Pain shoots through your body! The iguana bites you!
You die...
Your body crumbles into a pile of gold.

########
#<)....#
######.#
#.# #.#
#.#######
#........
#.M......
#@l.S....
#$.......
#########


You could see Menkaure, an iguana (unable to see you) and a ball python
(wandering, unable to see you).

Vanquished Creatures
  2 adders
  A worm (D:2)
  A dart slug (D:3)
  An orc (D:4)
  5 endoplasms
  2 giant cockroaches (D:1)
  4 goblins
  3 hobgoblins
  10 jackals
  A quokka (D:2)
  4 ball pythons
  6 frilled lizards (D:1)
  5 kobolds
  6 rats
51 creatures vanquished.

Notes
Turn   | Place    | Note
-------+----------+-------------------------------------------
     0 | D:1      | holysushi the Vine Stalker Monk began the quest for the
                  | Orb.
     0 | D:1      | Reached XP level 1. HP: 11/11 MP: 2/2
   122 | D:1      | Reached skill level 3 in Short Blades
   142 | D:1      | Reached XP level 2. HP: 7/16 MP: 3/3
   444 | D:1      | Reached XP level 3. HP: 19/19 MP: 4/4
  1077 | D:2      | Reached skill level 4 in Short Blades
  1304 | D:2      | Identified the +4 whip of Aneujap {holy, +Blink rN+ Dex+3}
  1446 | D:2      | Gained mutation: Your natural rate of healing is unusually
                  | fast. [Vine Stalker growth]
  1446 | D:2      | Reached XP level 4. HP: 23/23 MP: 5/5
  1713 | D:3      | Found an opulent altar of Gozag.
  1731 | D:3      | Became a worshipper of Gozag Ym Sagoz the Greedy
  1785 | D:4      | Noticed Menkaure
  1793 | D:4      | Slain by an iguana

Illustrated notes

Levels and vault maps discovered:
D:1:      zelgadis_glass_arrival_small, layout_basic,
          dreamdust_princess_corridor
D:2:      layout_basic
D:3:      minmay_chambers_of_threes, layout_loops_cross,
          nicolae_gozag_seed_capital, serial_aquarium, aquarium_bridge_straight
          [aquarium_subvault_bridge, aquarium_subvault_wall,
          aquarium_subvault_bridge, aquarium_subvault_wall],
          aquarium_bridge_square [aquarium_subvault_wall,
          aquarium_subvault_bridge, aquarium_subvault_wall,
          aquarium_subvault_bridge], aquarium_window_corner, aquarium_window_1,
          aquarium_view_2f, aquarium_view_2d, aquarium_pool_1,
          minmay_increasing_density
D:4:      layout_basic, kennysheep_slug_shrine, gup_ossuary_entry_pyramid,
          minmay_hedge_maze, grunt_ministairs_14, kennysheep_pointless_box,
          uniq_menkaure

Skill      XL: |  1  2  3 |
---------------+----------+-----
Short Blades   | 3 4 |  4.6
Fighting       | |  2.6
Dodging        | |  2.4
Stealth        | |  2.4

Action                     |  1- 3 |  4- 6 || total
---------------------------+-------+-------++-------
  Melee: Short sword       |   132 |    23 ||   155
         Bite              |    21 |     8 ||    29
    Use: Potion            |     2 |     1 ||     3
         Scroll            |       |     2 ||     2
   Stab: Invisible         |     3 |       ||     3
         Sleeping          |     8 |     2 ||    10
         Distracted        |       |     1 ||     1
 Armour: Robe              |    24 |     2 ||    26
  Dodge: Dodged            |    73 |    13 ||    86

Table legend: (Time is in decaauts)
 A = Elapsed time spent in this place.
 B = Non-inter-level travel time spent in this place.
 C = Inter-level travel time spent in this place.
 D = Time resting spent in this place.
 E = Time spent auto-exploring this place.
 F = Levels seen in this place.
 G = Mean time per level.
                   A        B        C        D        E       F      G
               +--------+--------+--------+--------+--------+-----+--------+
         Total |   1762 |   1726 |     36 |     31 |   1213 |   4 |  440.5 |
       Dungeon |   1762 |   1726 |     36 |     31 |   1213 |   4 |  440.5 |
               +--------+--------+--------+--------+--------+-----+--------+

Top non-repeatable levels by time:
     D:1: 1053 daAuts
     D:2: 455 daAuts
     D:3: 235 daAuts
     D:4: 18 daAuts
